 Dungeon Crawl Stone Soup version 0.31-a0-1576-ga3383bade6 (webtiles) character file.

Game seed: 9915654126660410686

241 experimilk the Ruffian (level 5, -3/48 HPs)
             Began as a Troll Gladiator on Jan 5, 2024.
             Slain by a killer bee (5 damage)
             ... on level 4 of the Dungeon.
             The game lasted 00:03:10 (2686 turns).

experimilk the Ruffian (Troll Gladiator)            Turns: 2686, Time: 00:03:10

Health: -3/48      AC:  4    Str: 24    XL:     5   Next: 80%
Magic:  4/4        EV: 10    Int:  4    God:
Gold:   169        SH:  0    Dex: 11    Spells: 4/4 levels left

rFire   . .          .
                       - Unarmed
rCold   . . .        (no shield)
rNeg    . . .        a - +0 robe
rPois   .            b - +0 hat
rElec   .            (no cloak)
rCorr   +            (gloves unavailable)
SInv    .            (boots unavailable)
Will    .....        (no amulet)
Stlth   +            h - ring of resist corrosion
HPRegen 1.08/turn    (no ring)
MPRegen 0.09/turn

%: no passive effects
@: no status effects
A: large, unfitting armour, claws 3, regeneration 1, shaggy fur 1, tough skin 1
a: no special abilities


You were on level 4 of the Dungeon.
You visited 1 branch of the dungeon, and saw 4 of its levels.

You collected 169 gold pieces.

Inventory:

Missiles
 q - 3 throwing nets (quivered)
 s - 4 curare-tipped darts
 x - 4 javelins
 z - a large rock
Armour
 a - a +0 robe (worn)
 b - a +0 hat (worn)
Jewellery
 h - a ring of resist corrosion (left claw)
 m - a ring of fire
Scrolls
 e - a scroll of brand weapon {unknown}
 g - a scroll of fear {unknown}
 i - a scroll of identify
 l - a scroll of teleportation {unknown}
 n - a scroll of amnesia {unknown}
 o - a scroll of fog
 p - a scroll of silence {unknown}
 t - a scroll of enchant armour {unknown}
 u - a scroll of poison {unknown}
Potions
 c - 3 potions of degeneration
 d - a potion of curing
 f - a potion of magic {unknown}
 j - 5 potions of mutation {unknown}
 k - a potion of lignification {unknown}
 r - a potion of enlightenment {unknown}
 v - a potion of might {unknown}
 w - a potion of ambrosia {unknown}
 A - a potion of heal wounds {unknown}


   Skills:
 - Level 1.5 Fighting
 - Level 1.7 Throwing
 - Level 2.4 Dodging
 * Level 6.6 Unarmed Combat


You had 4 spell levels left.
You didn't know any spells.
Your spell library contained the following spells:

 Spells                   Type           Power      Damage    Failure   Level
 Freeze                   Ice            0%         1d3       50%         1
 Kiss of Death            Conj/Necr      0%         2d5       50%         1
 Blink                    Tloc           0%         N/A       65%         2
 Confusing Touch          Hex            0%         N/A       86%         3
 Frozen Ramparts          Ice            0%         1d1       86%         3
 Hailstorm                Conj/Ice       0%         3d5       86%         3
 Dispel Undead            Necr           0%         3d6       99%         4


Dungeon Overview and Level Annotations

Branches:
Dungeon (4/15)
 Temple: D:4-7

Altars:
Ashenzari
The Shining One


Innate Abilities, Weirdness & Mutations

You are too large for most types of armour.
You have claws for hands.
Your natural rate of healing is unusually fast.
You are covered in fur. (AC +1)
You have tough skin. (AC +1)


Message History

You feel sick.
The killer bee attacks as it pursues you!
The killer bee stings you.
The killer bee attacks as it pursues you!
The killer bee barely misses you. The killer bee stings you.
You feel sick.
The killer bee stings you but does no damage.
The killer bee closely misses you.
You feel sick. The killer bee stings you!
You are more poisoned.
The killer bee poisons you! The killer bee stings you.
You are more poisoned.
The killer bee poisons you!
As you read the scroll labelled VATHRA SO URABB, it crumbles to dust.
It is a scroll of identify.
c - 3 potions of degeneration You feel very sick.
The killer bee stings you.
* * * LOW HITPOINT WARNING * * *
The killer bee stings you.
* * * LOW HITPOINT WARNING * * *
The killer bee stings you.
* * * LOW HITPOINT WARNING * * *
The killer bee closely misses you.
The killer bee stings you but does no damage. x3
It was a potion of curing.
You feel better. The killer bee barely misses you. The killer bee stings you.
* * * LOW HITPOINT WARNING * * *
The killer bee stings you!
* * * LOW HITPOINT WARNING * * *
The killer bee stings you but does no damage.
The killer bee stings you.
* * * LOW HITPOINT WARNING * * *
The killer bee closely misses you.
Okay, then.
As you read the scroll labelled ATOWAI QIFU, it dissolves into smoke.
It was a scroll of fog.
The killer bee stings you but does no damage.
The killer bee stings you.
You die...

.....##..............≈≈
....................... ≈≈
##.................... .
#.................#. . .
#...............#.## .##..
........#...........##...$.
.#...............#.........
#............§§yy.........
#.##.#.##.....§@yy....$...
#. ##....§#y§#W......
.....§##.§##......
######..#.## ...... #. ...
..... ...... ..... ####...
W... #... ....


You could see 5 killer bees.

Vanquished Creatures
  A killer bee (D:4)
  Terence (D:2)
  Jessica (D:2)
  Natasha (twice) (D:3)
  Robin (D:3)
  An adder (D:2)
  3 dart slugs
  A ribbon worm (D:3)
  3 endoplasms
  A giant cockroach (D:1)
  11 goblins
  7 hobgoblins
  4 jackals
  7 kobolds
  5 quokkas
  4 ball pythons
  4 bats
  4 frilled lizards
  6 rats
67 creatures vanquished.

Notes
Turn   | Place    | Note
-------+----------+-------------------------------------------
     0 | D:1      | experimilk the Troll Gladiator began the quest for the Orb.
     0 | D:1      | Reached XP level 1. HP: 19/19 MP: 0/0
   203 | D:1      | Reached XP level 2. HP: 27/27 MP: 1/1
   751 | D:1      | Reached skill level 4 in Unarmed Combat
   931 | D:2      | Reached XP level 3. HP: 33/33 MP: 2/2
  1100 | D:2      | Noticed Jessica
  1104 | D:2      | Killed Jessica
  1105 | D:2      | Reached XP level 4. HP: 41/41 MP: 3/3
  1111 | D:2      | Got Jessica's Octavo of the Vector
  1187 | D:2      | Noticed Terence
  1192 | D:2      | Reached skill level 5 in Unarmed Combat
  1195 | D:2      | Killed Terence
  1737 | D:3      | Noticed Natasha
  1746 | D:3      | Killed Natasha
  1795 | D:3      | Reached XP level 5. HP: 48/48 MP: 4/4
  1834 | D:3      | Noticed Natasha
  1842 | D:3      | Killed Natasha
  1911 | D:3      | Reached skill level 6 in Unarmed Combat
  2050 | D:3      | Noticed Robin
  2087 | D:3      | Killed Robin
  2421 | D:3      | Found a faded altar of an unknown god.
  2563 | D:3      | Found a broken altar of Ashenzari.
  2565 | D:3      | Found a glowing golden altar of the Shining One.
  2678 | D:4      | Noticed a phantom
  2685 | D:4      | HP: 2/48 [killer bee (7)]
  2686 | D:4      | Slain by a killer bee

Illustrated notes

Levels and vault maps discovered:
D:1:      nagdon_arrival_double_spiral, layout_loops_corners
D:2:      cheibrodos_old_hovel, layout_basic, kennysheep_jessica_study,
          uniq_jessica, uniq_terence
D:3:      layout_loops_cross, nicolae_overflow_hidden_temple,
          ebering_ecumenical_altar_webs, uniq_robin, uniq_natasha
D:4:      layout_rooms, temple_pool_b, serial_shops, shop, columned_hall_lemuel,
          minmay_misc_feat_cross

Skill      XL: |  1  2  3  4  5 |
---------------+----------------+-----
Unarmed Combat | 4 5 6 |  6.6
Fighting       | |  1.5
Throwing       | |  1.7
Dodging        | |  2.4

Action                     |  1- 3 |  4- 6 || total
---------------------------+-------+-------++-------
  Melee: Unarmed           |    65 |    94 ||   159
         Punch             |     1 |     3 ||     4
    Use: Scroll            |       |     2 ||     2
         Potion            |       |     1 ||     1
 Armour: Robe              |    38 |    74 ||   112
  Dodge: Dodged            |    32 |    38 ||    70

Table legend: (Time is in decaauts)
 A = Elapsed time spent in this place.
 B = Non-inter-level travel time spent in this place.
 C = Inter-level travel time spent in this place.
 D = Time resting spent in this place.
 E = Time spent auto-exploring this place.
 F = Levels seen in this place.
 G = Mean time per level.
                   A        B        C        D        E       F      G
               +--------+--------+--------+--------+--------+-----+--------+
         Total |   2671 |   2533 |    138 |    218 |   1864 |   4 |  667.8 |
       Dungeon |   2671 |   2533 |    138 |    218 |   1864 |   4 |  667.8 |
               +--------+--------+--------+--------+--------+-----+--------+

Top non-repeatable levels by time:
     D:3: 949 daAuts
     D:2: 852 daAuts
     D:1: 825 daAuts
     D:4: 44 daAuts
